 Dungeon Crawl Stone Soup version 0.21.1-1-g345015fe64 (webtiles) character file.

33308 Htamos the Cleaver (level 13, -11/169 HPs)
             Began as a Minotaur Fighter on July 11, 2018.
             Was a High Priest of Okawaru.
             Mangled by a white ugly thing (20 damage)
             ... while paralysed
             ... on level 15 of the Dungeon.
             The game lasted 00:58:50 (21369 turns).

Htamos the Cleaver (Minotaur Fighter)              Turns: 21369, Time: 00:58:51

Health: -11/169    AC: 26    Str: 27    XL:     13   Next: 36%
Magic:  20/20      EV:  2    Int:  9    God:    Okawaru [*****.]
Gold:   597        SH:  0    Dex: 10    Spells: 20/23 levels left

rFire    . . .     SeeInvis .   a - +3 war axe
rCold    . . .     Gourm    .   R - +2 large shield
rNeg     + + +     Faith    .   (armour currently unavailable)
rPois    +         Spirit   .   (helmet currently unavailable)
rElec    .         Reflect  .   (cloak currently unavailable)
rCorr    .         Harm     .   (gloves currently unavailable)
MR       .....     NoTele   +   (boots currently unavailable)
Stlth    ++........             (no amulet)
HPRegen  0.38/turn              r - ring of positive energy
MPRegen  0.17/turn              J - ring "Qerhet" {rPois Str+5 Stlth+}

@: paralysed, tree-form, berserk cooldown, slowed, studying Evocations
A: (retaliatory headbutt)
a: Heroism, Finesse, Renounce Religion


You were on level 15 of the Dungeon.
You worshipped Okawaru.
Okawaru was extremely pleased with you.
You were very hungry.
You were a tree.
You visited 2 branches of the dungeon, and saw 16 of its levels.
You also visited: Labyrinth.

You collected 2543 gold pieces.
You spent 1946 gold pieces at shops.

Inventory:

Hand Weapons
 a - a +3 war axe (weapon)
 b - a +2 scimitar of flaming
 d - a +1 triple sword of slicing
 e - a +4 hand axe
 w - a +0 war axe of freezing
 M - a +5 short sword of speed
Armour
 l - a +2 chain mail of poison resistance
 n - a +1 plate armour of poison resistance
 s - the +7 chain mail "Tuosheog" (melded) {rF+ rCorr Str+4}
   (You found it in a labyrinth)

   It affects your strength (+4).
   It protects you from fire.
   It protects you from acid and corrosion.
 x - a +2 hat (melded)
 R - a +2 large shield (worn)
 X - +0 acid dragon scales
 Y - the +1 ring mail of Koquf {rN+ Int+4 Dex+4}
   (You found it on level 12 of the Dungeon)

   It affects your intelligence (+4).
   It affects your dexterity (+4).
   It protects you from negative energy.
Jewellery
 r - a ring of positive energy (left branch)
 D - an uncursed ring of fire
 G - an uncursed ring of ice
 I - the ring of Xom's Recklessness {rN+ AC+3 Stlth+, unknown}
   (You found it in a labyrinth)

   [ring of protection]

   It affects your AC (+3).
   It protects you from negative energy.
   It makes you more stealthy.
 J - the ring "Qerhet" (right branch) {rPois Str+5 Stlth+}
   (You found it on level 10 of the Dungeon)

   [ring of poison resistance]

   It affects your strength (+5).
   It protects you from poison.
   It makes you more stealthy.
Wands
 o - a wand of acid (12)
 p - a wand of disintegration (16)
 E - a wand of flame (90)
 F - a wand of random effects (66)
 N - a wand of digging (20)
 U - a wand of iceblast (18)
 V - a wand of polymorph (50)
Scrolls
 g - 8 scrolls of teleportation
 h - 2 scrolls of amnesia
 k - a scroll of magic mapping
 t - 4 scrolls of remove curse
 y - a scroll of fear
 z - 4 scrolls of identify
Potions
 i - 2 potions of magic
 j - 2 potions of haste
 m - 4 potions of flight
 v - 6 potions of brilliance
 B - a potion of mutation
 T - 2 potions of degeneration
Books
 q - a manual of Evocations
 u - a book of Minor Magic

   Spells                             Type                      Level
   a - Magic Dart                     Conjuration                  1
   b - Blink                          Translocation                2
   c - Call Imp                       Summoning                    2
   d - Slow                           Hexes                        2
   e - Conjure Flame                  Conjuration/Fire             3
   f - Mephitic Cloud                 Conjuration/Poison/Air       3
 C - a book of Power

   Spells                             Type                      Level
   a - Iskenderun's Battlesphere      Conjuration/Charms           5
   b - Venom Bolt                     Conjuration/Poison           5
   c - Bolt of Magma                  Conjuration/Fire/Earth       5
   d - Iron Shot                      Conjuration/Earth            6
   e - Orb of Destruction             Conjuration                  7
   f - Spellforged Servitor           Conjuration/Summoning        7
 H - a book of Battle

   Spells                             Type                      Level
   a - Infusion                       Charms                       1
   b - Shroud of Golubria             Charms/Translocation         2
   c - Song of Slaying                Charms                       2
   d - Spectral Weapon                Hexes/Charms                 3
   e - Regeneration                   Charms/Necromancy            3
 K - the Handbook of Enchantment
   (You acquired it on level 11 of the Dungeon)

   Spells                             Type                      Level
   a - Confusing Touch                Hexes                        1
   b - Corona                         Hexes                        1
   c - Ensorcelled Hibernation        Hexes/Ice                    2
   d - Inner Flame                    Hexes/Fire                   3
   e - Tukima's Dance                 Hexes                        3
   f - Fulminant Prism                Conjuration/Hexes            4
   g - Cause Fear                     Hexes                        4
   h - Metabolic Englaciation         Hexes/Ice                    5
Comestibles
 f - 21 rations


   Skills:
 + Level 10.0 Fighting
 + Level 14.5 Axes
 + Level 10.7 Armour
 + Level 10.3 Shields
 * Level 5.7 Spellcasting
 * Level 6.3 Conjurations
 * Level 9.2 Evocations


You had 20 spell levels left.
You knew the following spells:

 Your Spells              Type           Power        Failure   Level  Hunger
a - Magic Dart            Conj           ##..         11%         1    None
b - Ensorcelled Hibernat  Hex/Ice        #.....       92%         2    ##.....


Dungeon Overview and Level Annotations

Branches:
Dungeon (15/15)            Temple (1/1) D:7            Lair (0/6) D:10
    Orc (0/2) D:12         Vaults (0/5) D:13
 Depths: D:15

Altars:
Ashenzari
Cheibriados
Dithmenos
Elyvilon
Fedhas
Gozag
Kikubaaqudgha
Makhleb
Nemelex Xobeh
Okawaru
Qazlal
Ru
Sif Muna
Trog
Uskayaw
Vehumet
Wu Jian
Xom
Zin
The Shining One

Shops:
D:4 *:?%*   D:5 !   D:7 (*

Portals:
Trove: D:10 (lose all piety)


Innate Abilities, Weirdness & Mutations

((You reflexively headbutt those who attack you in melee.))
((You have a pair of horns on your head.))


Message History

* * * LOW HITPOINT WARNING * * *
The white ugly thing freezes you!!
* * * LOW HITPOINT WARNING * * *
The purple ugly thing barely misses you.
You slash the purple ugly thing! You barely miss the purple ugly thing.
You barely miss the white ugly thing.
You feel your anger nearly subside.
You barely miss the purple ugly thing. You miss the purple ugly thing.
You miss the white ugly thing.
You feel less invigorated.
You feel less confused.
You are no longer berserk.
You pass out from exhaustion.
You feel yourself slow down.
The white ugly thing engulfs you but does no damage.
The purple ugly thing kicks you but does no damage.
The purple ugly thing pecks you but does no damage.
The cyan ugly thing basks in the mutagenic energy from its kin and changes!
The white ugly thing engulfs you.
* * * LOW HITPOINT WARNING * * *
The white ugly thing freezes you!!
You die...

##################
.......(.)........
..####(.#####.###
#♣u# #uu# #uu#
#uu# #uc# #yy# #.#
...####..# #.#
.........# #.#
.........# #.#


You could see 8 ugly things, 2 vampire mosquitoes and a centaur.

Vanquished Creatures
  A minotaur (Lab)
  Harold (D:10)
  3 hydras
  A vault guard (D:13)
  A catoblepas (D:14)
  A tengu warrior (D:14)
  5 two-headed ogres
  An unseen horror (D:10)
  The ghost of patthesweetcat the Firebug, a novice OpFE of Sif Muna (D:10)
  The ghost of Necrophagist the Thaumaturge, a novice DEFE of Sif Muna (D:8)
  4 cyclopes
  5 ugly things
  A manticore (D:14)
  A centaur zombie (D:13)
  2 gargoyles
  4 kobold demonologists (D:13)
  An efreet (D:13)
  A harpy zombie (D:14)
  A troll (D:10)
  A hornet (D:14)
  2 hippogriffs (D:10)
  2 dream sheep (D:13)
  A vampire (D:12)
  2 shadows
  3 redbacks (Lab)
  5 wyverns
  24 yaks
  2 wraiths
  Eustachio (D:5)
  2 hungry ghosts (Lab)
  2 basilisks
  3 vampire mosquitoes
  A soldier ant (D:11)
  2 acid dragons
  A water moccasin (D:8)
  A porcupine (D:10)
  2 black bears (D:10)
  A hornet zombie (D:12)
  11 orc warriors
  2 ice beasts
  A necrophage (D:9)
  A phantom (D:7)
  The ghost of Salt the Chiller, an amateur MfIE (D:3)
  8 centaurs
  8 ogres
  A crocodile (D:8)
  7 big kobolds
  12 bullfrogs
  A gnoll sergeant (D:9)
  An earth elemental (Lab)
  3 scorpions
  A wyvern skeleton (D:6)
  21 killer bees
  7 wights
  3 troll skeletons (Lab)
  5 howler monkeys
  2 vampire bats (D:6)
  5 crimson imps
  6 hounds
  9 jellies
  5 orc priests
  A gnoll shaman (D:10)
  11 orc wizards
  5 centaur skeletons
  3 iguanas
  Jessica (D:3)
  6 worker ants
  A killer bee zombie (D:8)
  A worker ant zombie (D:8)
  A howler monkey skeleton (D:11)
  10 adders
  13 gnolls
  2 shadow imps
  An adder skeleton (D:5)
  An adder zombie (D:7)
  4 worms
  4 dart slugs
  5 leopard geckos
  33 orcs
  A ball python (D:1)
  2 bat skeletons (D:6)
  4 bat zombies (D:6)
  3 giant cockroaches
  3 goblins
  4 hobgoblins
  18 jackals
  4 quokkas
  7 bats
  5 frilled lizards
  A jackal zombie (D:6)
  25 kobolds
  2 quokka skeletons
  6 rats
403 creatures vanquished.

Vanquished Creatures (others)
  5 fungi (D:10)
  6 plants
11 creatures vanquished.

Grand Total: 414 creatures vanquished

Notes
Turn   | Place    | Note
-------+----------+-------------------------------------------
     0 | D:1      | Htamos the Minotaur Fighter began the quest for the Orb.
     0 | D:1      | Reached XP level 1. HP: 19/19 MP: 0/0
   144 | D:1      | Reached skill level 3 in Axes
   200 | D:1      | Reached XP level 2. HP: 26/26 MP: 1/1
   647 | D:1      | Reached skill level 4 in Axes
   647 | D:1      | Reached XP level 3. HP: 13/31 MP: 2/2
   992 | D:2      | Found a shadowy altar of Dithmenos.
  1000 | D:2      | Reached skill level 5 in Axes
  1017 | D:2      | Reached XP level 4. HP: 33/39 MP: 3/3
  1234 | D:2      | Found a sacrificial altar of Ru.
  1658 | D:3      | Noticed Salt's ghost (amateur MfIE)
  1670 | D:3      | Reached skill level 6 in Axes
  1689 | D:3      | Killed Salt's ghost
  1689 | D:3      | Reached XP level 5. HP: 28/45 MP: 4/4
  1823 | D:3      | Reached skill level 7 in Axes
  1903 | D:3      | Found a glowing silver altar of Zin.
  1965 | D:3      | Reached XP level 6. HP: 44/51 MP: 5/5
  2093 | D:3      | Noticed Jessica
  2094 | D:3      | Killed Jessica
  2094 | D:3      | Reached skill level 8 in Axes
  2178 | D:3      | Found a deep blue altar of Sif Muna.
  2529 | D:4      | Found Yplijopp's Magic Scroll Emporium.
  2537 | D:4      | Bought a scroll of enchant weapon for 82 gold pieces
  2593 | D:4      | Found an opulent altar of Gozag.
  2682 | D:4      | Reached skill level 9 in Axes
  2721 | D:4      | Found Ugaecodgh's Assorted Antiques.
  2828 | D:4      | Found Parphy's Food Shoppe.
  2932 | D:4      | Found Jarrunaq's Book Shop.
  3165 | D:4      | Found Alyatz's General Store.
  3187 | D:5      | Entered Level 5 of the Dungeon
  3192 | D:5      | Reached XP level 7. HP: 54/57 MP: 6/6
  3431 | D:5      | Found Vunos's Distillery.
  3447 | D:5      | Reached skill level 10 in Axes
  3823 | D:5      | Noticed Eustachio
  3853 | D:5      | Killed Eustachio
  3853 | D:5      | Reached skill level 11 in Axes
  3853 | D:5      | Reached XP level 8. HP: 54/64 MP: 7/7
  4000 | D:5      | Found a bloodstained altar of Trog.
  4304 | D:5      | Learned a level 1 spell: Magic Dart
  4670 | D:6      | Found an ancient bone altar of Kikubaaqudgha.
  5195 | D:7      | Reached skill level 1 in Spellcasting
  5195 | D:7      | Reached skill level 1 in Conjurations
  5928 | D:7      | Reached skill level 12 in Axes
  5933 | D:7      | Reached skill level 5 in Armour
  6424 | D:6      | Reached XP level 9. HP: 63/72 MP: 10/10
  6652 | D:7      | Found a staircase to the Ecumenical Temple.
  6672 | Temple   | Entered the Ecumenical Temple
  6691 | Temple   | Became a worshipper of Warmaster Okawaru
  6743 | D:7      | Found Gusm's Weapon Emporium.
  6771 | D:7      | Found Pastup Waoc's Assorted Antiques.
  7074 | D:7      | Reached skill level 5 in Fighting
  7272 | D:8      | Noticed Necrophagist's ghost (novice DEFE)
  7398 | D:8      | Killed Necrophagist's ghost
  7398 | D:8      | Reached skill level 5 in Shields
  7673 | D:8      | Reached * piety under Okawaru
  8149 | D:8      | Identified a scroll of acquirement
  8513 | D:4      | Bought a manual of Evocations for 1324 gold pieces
  8513 | D:4      | Bought a book of Power for 540 gold pieces
  8776 | D:9      | Reached skill level 1 in Evocations
  8942 | D:9      | Found a white marble altar of Elyvilon.
  8943 | D:9      | Found a burning altar of Makhleb.
  9072 | D:9      | Got an iridescent mace
  9073 | D:9      | Identified the +2 mace of the Vase {freeze, rPois MR+} (You found it on level 9 of the Dungeon)
  9124 | D:9      | Reached XP level 10. HP: 37/83 MP: 13/13
  9766 | D:10     | Entered Level 10 of the Dungeon
  9771 | D:10     | Noticed Harold
  9803 | D:10     | Killed Harold
  9815 | D:10     | Got a twitching copper ring
  9823 | D:10     | Identified the ring "Qerhet" {rPois Str+5 Stlth+} (You found it on level 10 of the Dungeon)
 10023 | D:10     | Found a portal to a secret trove of treasure.
 10123 | D:10     | Reached ** piety under Okawaru
 10595 | D:10     | Killed an unseen horror
 11255 | D:10     | Noticed patthesweetcat's ghost (novice OpFE)
 11291 | D:10     | Killed patthesweetcat's ghost
 11422 | D:10     | Found a staircase to the Lair.
 11487 | D:10     | Reached *** piety under Okawaru
 11733 | D:10     | Reached XP level 11. HP: 74/91 MP: 15/15
 11863 | D:9      | Received a gift from Okawaru
 12654 | D:11     | Reached skill level 5 in Evocations
 12751 | D:11     | Reached **** piety under Okawaru
 12768 | D:11     | Reached skill level 13 in Axes
 12854 | D:11     | Noticed a two-headed ogre
 13213 | D:11     | Killed a two-headed ogre
 13403 | D:11     | Identified the Handbook of Enchantment (You acquired it on level 11 of the Dungeon)
 13411 | D:11     | Learned a level 2 spell: Ensorcelled Hibernation
 13961 | D:11     | Reached ***** piety under Okawaru
 14612 | D:12     | Got a topaz-encrusted ring mail
 14623 | D:12     | Identified the cursed +1 ring mail of Koquf {rN+ Int+4 Dex+4} (You found it on level 12 of the Dungeon)
 14796 | D:12     | Found a staircase to the Orcish Mines.
 15654 | D:13     | Noticed a two-headed ogre
 15671 | D:13     | Noticed a soul eater
 15684 | D:12     | Killed a two-headed ogre
 15684 | D:12     | Received a gift from Okawaru
 15684 | D:12     | Reached skill level 5 in Conjurations
 15817 | D:13     | Noticed a sun demon
 16051 | D:13     | Reached XP level 12. HP: 71/103 MP: 17/17
 16371 | D:13     | Noticed a four-headed hydra
 16384 | D:13     | Killed a one-headed hydra
 16905 | D:13     | Noticed a two-headed ogre
 16921 | D:13     | Killed a two-headed ogre
 16921 | D:13     | Received a gift from Okawaru
 16921 | D:13     | Reached skill level 10 in Armour
 17227 | D:13     | Found a gate to the Vaults.
 17227 | D:13     | Noticed a vault guard
 17251 | D:13     | Killed a vault guard
 17635 | D:13     | Found a sacrificial altar of Ru.
 17695 | D:13     | Got a bronze leather armour
 17706 | D:13     | Identified the +5 leather armour of the Game Afoot {Str+3 Int-5} (You found it on level 13 of the Dungeon)
 17739 | D:13     | Reached skill level 5 in Spellcasting
 17752 | D:13     | Found a glowing golden altar of the Shining One.
 17850 | D:13     | Noticed a three-headed hydra
 17867 | D:13     | Killed a one-headed hydra
 17884 | D:13     | Reached skill level 14 in Axes
 18185 | D:14     | Found a shattered altar of Ashenzari.
 18262 | D:14     | Found a labyrinth entrance.
 18271 | Lab      | Entered a labyrinth
 18311 | Lab      | Got an ichor-stained chain mail
 18322 | Lab      | Identified the +7 chain mail "Tuosheog" {rF+ rCorr Str+4} (You found it in a labyrinth)
 18495 | Lab      | Received a gift from Okawaru
 19365 | Lab      | Noticed a minotaur
 19371 | Lab      | Killed a minotaur
 19419 | Lab      | Got a smoking turquoise ring
 19910 | D:14     | Noticed a two-headed ogre
 19915 | D:14     | Killed a two-headed ogre
 19915 | D:14     | Reached XP level 13. HP: 98/112 MP: 20/20
 20273 | D:14     | Reached skill level 10 in Shields
 20991 | D:14     | Reached skill level 10 in Fighting
 21020 | D:15     | Entered Level 15 of the Dungeon
 21366 | D:15     | HP: 11/253 [white ugly thing (33)]
 21369 | D:15     | Mangled by a white ugly thing

Skill      XL: |  1  2  3  4  5  6  7  8  9 10 11 12 13 |
---------------+----------------------------------------+-----
Axes           | 3 4 5 6 7 9 11 12 13 14 | 14.5
Armour         | 5 6 8 9 10 | 10.7
Fighting       | 4 5 7 8 9 10 | 10.0
Spellcasting   | 1 2 3 4 5 |  5.7
Conjurations   | 1 3 4 5 6 |  6.3
Shields        | 4 5 7 8 9 10 | 10.3
Evocations     | 1 4 6 8 9 |  9.2

Action                   |  1- 3 |  4- 6 |  7- 9 | 10-12 | 13-15 || total
-------------------------+-------+-------+-------+-------+-------++-------
Melee: War axe           |   100 |   170 |     9 |   227 |   117 ||   623
       Headbutt          |    10 |    30 |    61 |   206 |    35 ||   342
       Hand axe          |       |       |   376 |   195 |       ||   571
       Mace              |       |       |     6 |   175 |       ||   181
       Flail             |       |       |       |   190 |       ||   190
       Scimitar          |       |       |       |    21 |     3 ||    24
       Short sword       |       |       |       |    10 |       ||    10
 Cast: Magic Dart        |       |       |       |     3 |       ||     3
  Use: Scroll            |       |     4 |    12 |    17 |       ||    33
       Potion            |       |     1 |     3 |    15 |     6 ||    25
 Stab: Sleeping          |       |       |       |     1 |       ||     1
  Eat: Chunk             |     1 |     6 |     6 |    22 |     4 ||    39
       Ration            |       |       |     4 |     4 |       ||     8
Armor: Scale mail        |     8 |       |       |   107 |       ||   115
       Plate armour      |    72 |   100 |   179 |    27 |       ||   378
       Acid dragon scale |       |       |       |    57 |       ||    57
       Ring mail         |       |       |       |    16 |       ||    16
       Chain mail        |       |       |       |    19 |    50 ||    69
       Skin              |       |       |       |     1 |     9 ||    10
Dodge: Dodged            |    13 |    25 |    62 |   206 |    25 ||   331
Block: Shield            |    63 |    91 |   167 |   393 |    12 ||   726
       Large shield      |       |       |       |       |   118 ||   118
       Rpst.: Scimitar   |       |       |       |     2 |     1 ||     3
